 Dungeon Crawl Stone Soup version 0.29.1-15-g9cfb28693d (webtiles) character file.

Game seed: 1504497413454328939

11288 Sanktem7 the Fighter (level 11, -9/99 HPs)
             Began as a Minotaur Fighter on Mar 3, 2023.
             Was a Believer of Okawaru.
             Mangled by a skeletal warrior
             ... wielding a +0 scimitar
              (26 damage)
             ... on level 10 of the Dungeon.
             The game lasted 00:29:04 (10670 turns).

Sanktem7 the Fighter (Minotaur Fighter)            Turns: 10670, Time: 00:29:05

Health: -9/99      AC: 17    Str: 25    XL:     11   Next: 47%
Magic:  10/10      EV:  8    Int:  9    God:    Okawaru [**....]
Gold:   579        SH:  5    Dex: 13    Spells: 10/10 levels left

rFire   . . .      SeeInvis .   a - +3 war axe {axe}
rCold   . . .      Faith    .   c - +0 buckler
rNeg    . . .      Spirit   .   v - +0 chain mail
rPois   +          Reflect  .   (helmet restricted)
rElec   .          Harm     .   m - +0 cloak
rCorr   +          Rampage  .   (no gloves)
Will    .....      Rage     3%  y - +2 pair of boots
Stlth   ..........              n - amulet of regeneration {@e2}
HPRegen 1.06/turn               I - ring "Pitivuc" {Contam rCorr Int+4 Dex+3}
MPRegen 0.12/turn               D - ring of poison resistance

@: about to teleport
A: horns 2, retaliatory headbutt, iridescent scales 1, berserk 1, frail 1
a: Renounce Religion, Heroism


You were on level 10 of the Dungeon.
You worshipped Okawaru.
Okawaru was pleased with you.
You visited 2 branches of the dungeon, and saw 12 of its levels.
You also visited: Ossuary.

You collected 579 gold pieces.


Innate Abilities, Weirdness & Mutations

You have a pair of horns on your head.
You reflexively headbutt those who attack you in melee.
You are partially covered in iridescent scales. (AC +2)
You sometimes lose your temper in combat.
You are frail. (-10% HP)


   Skills:
 * Level 14.0 Fighting
 * Level 13.7(14.0) Axes
 + Level 4.5(10.0) Maces & Flails
 - Level 6.0 Throwing
 + Level 6.7 Armour
 - Level 3.6 Shields


You had 10 spell levels left.
You didn't know any spells.
Your spell library contained the following spells:

 Spells                   Type           Power      Damage    Failure   Level
 Apportation              Tloc           0%         N/A       97%         1
 Ensorcelled Hibernation  Hex/Ice        0%         N/A       99%         2
 Static Discharge         Conj/Air       0%         3-3/arc   99%         2
 Gell's Gravitas          Tloc           0%         N/A       100%        3
 Lesser Beckoning         Tloc           0%         N/A       100%        3
 Spider Form              Tmut/Pois      0%         N/A       100%        3
 Teleport Other           Tloc           0%         N/A       100%        3
 Anguish                  Hex/Necr       0%         N/A       100%        4
 Alistair's Intoxication  Tmut/Pois      0%         N/A       100%        5
 Blade Hands              Tmut           0%         N/A       100%        5
 Borgnjor's Vile Clutch   Necr/Erth      0%         N/A       100%        5
 Fireball                 Conj/Fire      0%         3d3       100%        5
 Irradiate                Conj/Tmut      0%         3d11      100%        5
 Lightning Bolt           Conj/Air       0%         1d11      100%        5
 Eringya's Noxious Bog    Tmut/Pois      0%         N/A       100%        6
 Starburst                Conj/Fire      0%         6d3       100%        6
 Dragon Form              Tmut           0%         N/A       100%        7
 Ignition                 Fire           0%         3d3       100%        8
 Maxwell's Capacitive Co  Air            0%         ∞         100%        8
 Animate Dead             Necr           Unusable   N/A       N/A         4
 Death Channel            Necr           Unusable   N/A       N/A         6

Inventory:

Hand Weapons
 a - a +3 war axe (weapon) {axe}
 x - a +2 morningstar {mace}
   (You took it off a wight on level 7 of the Dungeon)
Missiles
 h - 36 stones {throwing}
 z - 17 poisoned darts (quivered) {throwing}
 B - 7 boomerangs {throwing}
 H - 2 javelins {throwing}
Armour
 c - a +0 buckler (worn)
 m - a +0 cloak (worn)
   (You took it off Maurice on level 8 of the Dungeon)
 v - a +0 chain mail (worn)
   (You found it on level 3 of the Dungeon)
 y - a +2 pair of boots (worn)
   (You found it on level 3 of the Dungeon)
 E - a scarf of resistance
   (You found it on level 8 of the Dungeon)
 M - the +3 ring mail "Quenaxt" {Harm *Corrode rPois Int+6}
   (You found it on level 10 of the Dungeon)

   Int:       It affects your intelligence (+6).
   rPois:     It protects you from poison.
   *Corrode:  It may corrode you when you take damage.
   Harm:      It increases damage dealt and taken.
Jewellery
 n - an amulet of regeneration (around neck) {@e2}
   (You found it on level 6 of the Dungeon)
 D - a ring of poison resistance (right hand)
   (You took it off an orc wizard on level 8 of the Dungeon)
 I - the ring "Pitivuc" (left hand) {Contam rCorr Int+4 Dex+3}
   (You found it on level 9 of the Dungeon)

   [ring of resist corrosion]

   Int:       It affects your intelligence (+4).
   Dex:       It affects your dexterity (+3).
   Contam:    It causes magical contamination when unequipped.
   rCorr:     It protects you from acid and corrosion.
Wands
 b - a wand of roots (17)
   (You took it off Jessica on level 3 of the Dungeon)
 w - a wand of quicksilver (4)
   (You found it on level 8 of the Dungeon)
 C - a wand of polymorph (7)
   (You found it on level 4 of the Dungeon)
 F - a wand of flame (41)
   (You found it on level 5 of the Dungeon)
 G - a wand of digging (3)
   (You took it off a gnoll on level 5 of the Dungeon)
Scrolls
 l - a scroll of fog
 o - 5 scrolls of teleportation {@r4}
 t - 4 scrolls of immolation {!r!r}
 u - a scroll of magic mapping {!r}
 K - a scroll of poison
 L - a scroll of identify {@r1}
Potions
 d - a potion of might
 e - 3 potions of lignification {!q}
 f - 4 potions of cancellation
 g - 3 potions of flight
 i - 2 potions of resistance {unknown}
 j - a potion of attraction {unknown}
 k - 2 potions of brilliance
 p - a potion of haste {@q3}
 q - 2 potions of invisibility
 s - 2 potions of heal wounds {@q2}
 A - 9 potions of curing {@q1}
 N - a potion of mutation {!q}

Dungeon Overview and Level Annotations

Branches:
Dungeon (11/15) Zot: 26668  Temple (1/1) D:4 Zot: 5863    Lair (0/5) D:10
Ossuary (visited)
    Orc: D:9-12

Altars:
Ashenzari
Cheibriados
Dithmenos
Fedhas
Gozag
Hepliaklqana
Makhleb
Okawaru
Ru
Sif Muna
Trog
Uskayaw
Wu Jian
Xom
Yredelemnul
The Shining One

Shops:
D:4 =   D:5 (   D:7 *   D:9 *

Annotations:
D:11 5 transporters

#..#####....#########.#######
#..#...'....# #.# #
#.>#...#....# #.# #
#####..'...#....# #.# #
.......#####....# #.# #
................#########.# #
.##############)z.........# #
.# #Tzz........####### ##
#z@z...............
##############..... ######


You could see 5 skeletal warriors and a troll.


Message History

The killer bee attacks as you move away!
You block the killer bee's attack. The killer bee stings you.
* * * LOW HITPOINT WARNING * * *
The killer bee completely misses you. You furiously retaliate!
You headbutt the killer bee! 😱 HP[-4]
You take 4 damage, and now have 23/97 hp.
The killer bee attacks as you move away!
The killer bee barely misses you. You block the killer bee's attack.
The killer bee stings you but does no damage. 😱 HP[+1]
The killer bee stings you but does no damage.
You block the killer bee's attack. 😨 HP[+1]
You block the killer bee's attack. x2 😨 HP[+1]
The killer bee attacks as you move away!
The killer bee stings you but does no damage. x3 😨 HP[+1]
The killer bee attacks as you move away!
The killer bee barely misses you. You furiously retaliate!
You headbutt the killer bee!
You kill the killer bee!
Okawaru accepts your kill.
The killer bee attacks as you move away!
The killer bee barely misses you. x2
Your Fighting skill increases to level 14! 😨 HP[+2]
You now have 99 max hp (+2).
You regained 2 hp, and now have 29/99 hp.
The killer bee stings you but does no damage. 😨 HP[+1]
You block the killer bee's attack.
There is a stone staircase leading up here. 😨 HP[+1]
The killer bee closely misses you. You block the killer bee's attack.
You climb upwards.
Reactivating autopickup.
There is a stone staircase leading down here. 😨 HP[+2]
You regained 2 hp, and now have 33/99 hp.
You closely miss the killer bee. Your headbutt misses the killer bee.
The killer bee stings you but does no damage. x2 😨 HP[+1]
You barely miss the killer bee.
You headbutt the killer bee, but do no damage.
You block the killer bee's attack. 😨 HP[+1]
You slash the killer bee!
You kill the killer bee!
Okawaru accepts your kill. 😨 HP[+1]
You see here a killer bee corpse. 😨 HP[+1]
You start resting. 😎 HP[+62]
Your hp is fully restored (99).
There is a stone staircase leading down here.
You climb downwards.
Level annotation: 5 transporters The skeletal warrior hits you but does no damage.
You block the skeletal warrior's attack.
The skeletal warrior hits you with a +0 battleaxe.
The skeletal warrior hits you with a +0 flail!
The skeletal warrior hits you but does no damage.
You block the troll's attack. The troll closely misses you.
The troll claws you but does no damage.
There is a stone staircase leading up, spattered with blood here. 😕 HP[-22]
You take 22 damage, and now have 77/99 hp.
MASSIVE DAMAGE!! (PAUSE)
You block the skeletal warrior's attack.
The skeletal warrior hits you with a +0 scimitar!
You block the skeletal warrior's attack.
The skeletal warrior hits you with a +0 mace!!
* * * LOW HITPOINT WARNING * * *
The troll bites you.
* * * LOW HITPOINT WARNING * * *
The troll claws you!
* * * LOW HITPOINT WARNING * * *
The troll barely misses you.
You block the skeletal warrior's attack.
You climb upwards.
There is a stone staircase leading down here. 😨 HP[-47]
You take 47 damage, and now have 30/99 hp.
MASSIVE DAMAGE!! (PAUSE)
As you read the scroll of teleportation {@r4}, it crumbles to dust.
You feel strangely unstable.
The skeletal warrior hits you with a +0 battleaxe.
* * * LOW HITPOINT WARNING * * *
The skeletal warrior barely misses you. You furiously retaliate!
You headbutt the skeletal warrior, but do no damage.
The skeletal warrior hits you but does no damage.
The troll barely misses you. You furiously retaliate!
You headbutt the troll. The troll claws you!
* * * LOW HITPOINT WARNING * * *
The troll claws you but does no damage.
The skeletal warrior hits you with a +0 scimitar!!
You die...

Skill      XL: |  1  2  3  4  5  6  7  8  9 10 11 |
---------------+----------------------------------+-----
Fighting       | 4 5 6 7 9 11 13 14 | 14.0
Axes           | 3 4 5 6 7 9 11 12 13 | 13.7
Armour         | 4 5 6 |  6.7
Throwing       | 2 4 6 |  6.0
Maces & Flails | 2 4 |  4.5
Shields        | |  3.6

Action                   |  1- 3 |  4- 6 |  7- 9 | 10-12 || total
-------------------------+-------+-------+-------+-------++-------
Melee: War axe           |    67 |   158 |   238 |   302 ||   765
       Headbutt          |     4 |    23 |    39 |    65 ||   131
  Use: Scroll            |       |       |    15 |     9 ||    24
       Potion            |       |       |     4 |     2 ||     6
Armor: Scale mail        |    27 |    27 |       |       ||    54
       Chain mail        |       |    37 |   179 |   221 ||   437
Dodge: Dodged            |    25 |    51 |    99 |   119 ||   294
Block: Buckler           |    16 |    50 |    96 |    87 ||   249

Levels and vault maps discovered:
D:1:      dpeg_arrival_castle, layout_rooms, nicolae_ecumenical_lake_church
D:2:      minmay_wonky_spiral, layout_basic, amcnicky_mini_rare_corridor_liquid,
          uniq_sigmund
D:3:      layout_loops_corners, nicolae_overflow_squiral, uniq_jessica
D:4:      layout_basic, minmay_temple_entry_junction_2,
          nicolae_shop_unique_rings, minmay_misc_feat_more_columns,
          serial_bayou_pond_e, nrook_uturn, kennysheep_generic_room_10,
          uniq_blork_the_orc
D:5:      layout_basic, serial_shops, shop
D:6:      layout_rooms, mainiacjoe_overflow_six_doors_small,
          nicolae_ossuary_entry_false_entrances
D:7:      layout_layer_cave, serial_undead, serial_undead_d, serial_undead_d,
          serial_undead_a, serial_undead_b, serial_undead_b, serial_undead_e,
          serial_shops, nicolae_shop_hallway_stairs, mrwooster_statue_mirror,
          sigmund_army
D:8:      layout_basic, uniq_maurice
D:9:      layout_gridville, nicolae_blasting_shop
D:10:     layout_irregular_city, minitemple, erik_lair_dragon,
          skrybe_limestone_x
D:11:     nzn_winding_woodlands_three_and_one
          [nzn_winding_woodlands_5x15_crooked, nzn_winding_woodlands_5x15_cabin,
          nzn_winding_woodlands_5x15_twine,
          nzn_winding_woodlands_center_garden], layout_irregular_city,
          serial_nicolae_subway, nicolae_sub_station_metal,
          nicolae_sub_station_crystal, nicolae_sub_station_stone, uniq_lodul
Temple:   minmay_crystal_spiral_temple

Notes
Turn   | Place    | Note
-------+----------+-------------------------------------------
     0 | D:1      | Sanktem7 the Minotaur Fighter began the quest for the Orb.
     0 | D:1      | Reached XP level 1. HP: 19/19 MP: 0/0
     0 | D:1      | magus.rc [v1.9.6]
   132 | D:1      | Reached XP level 2. HP: 21/27 MP: 1/1
   228 | D:1      | Reached skill level 4 in Fighting
   261 | D:1      | Reached skill level 3 in Axes
   590 | D:1      | Reached XP level 3. HP: 33/33 MP: 2/2
   613 | D:1      | Found a faded altar of an unknown god.
   768 | D:1      | Reached skill level 4 in Armour
  1041 | D:2      | You pick up a book of Lightning and begin reading...
  1041 | D:2      | You add the spells Static Discharge, Lightning Bolt and
                  | Maxwell's Capacitive Coupling to your library.
  1058 | D:2      | Noticed Sigmund
  1072 | D:2      | Killed Sigmund
  1073 | D:2      | Reached skill level 5 in Fighting
  1073 | D:2      | Reached skill level 4 in Axes
  1073 | D:2      | Reached XP level 4. HP: 38/42 MP: 3/3
  1073 | D:2      | Reached XP level 5. HP: 43/48 MP: 4/4
  1113 | D:2      | You pick up a book of Fire and begin reading...
  1113 | D:2      | You add the spells Fireball, Starburst and Ignition to your
                  | library.
  1367 | D:2      | Reached skill level 5 in Axes
  2170 | D:3      | Found a snail-covered altar of Cheibriados.
  2171 | D:3      | Found an ornate altar of the Wu Jian Council.
  2205 | D:3      | Noticed Jessica
  2211 | D:3      | Killed Jessica
  2280 | D:3      | Reached XP level 6. HP: 57/57 MP: 5/5
  2377 | D:3      | Identified the +2 robe of Fedhas, Enchanting {Dex+3}
  2674 | D:4      | Reached skill level 6 in Fighting
  2714 | D:4      | Found a staircase to the Ecumenical Temple.
  2720 | D:4      | Noticed Blork the orc
  2734 | D:4      | Killed Blork the orc
  2735 | D:4      | Reached skill level 5 in Armour
  2870 | D:4      | You pick up a book of Displacement and begin reading...
  2870 | D:4      | You add the spells Lesser Beckoning, Gell's Gravitas and
                  | Teleport Other to your library.
  3127 | D:4      | Found Ytrax's One-of-a-Kind Rings.
  3620 | D:5      | Entered Level 5 of the Dungeon
  3698 | D:5      | Found Oreuduoj's Weapon Boutique.
  3741 | D:5      | Reached skill level 6 in Axes
  3793 | D:5      | You pick up a book of Dreams and begin reading...
  3793 | D:5      | You add the spells Ensorcelled Hibernation, Spider Form and
                  | Anguish to your library.
  3847 | D:5      | Reached XP level 7. HP: 58/64 MP: 6/6
  3943 | D:5      | Noticed a wyvern
  3947 | D:5      | Killed a wyvern
  3948 | D:5      | Reached skill level 7 in Fighting
  3983 | D:5      | HP: 8/66 [ice beast (14)]
  3986 | D:5      | Reached skill level 7 in Axes
  4270 | D:5      | Identified the +1 ring mail of Laytagou {rN+}
  4349 | D:5      | Reached skill level 6 in Armour
  4466 | D:5      | Reached XP level 8. HP: 29/74 MP: 7/7
  4535 | D:5      | Reached skill level 8 in Fighting
  5113 | D:5      | Reached skill level 1 in Throwing
  5124 | D:5      | Reached skill level 8 in Axes
  5341 | D:6      | Found a broken altar of Ashenzari.
  5430 | D:6      | Found a sand-covered staircase.
  5435 | Ossuary  | Entered an ossuary
  5530 | Ossuary  | Reached skill level 2 in Throwing
  5627 | Ossuary  | Reached skill level 9 in Fighting
  5686 | Ossuary  | Gained mutation: Your movements are slightly less
                  | encumbered by armour. (ER -2) [potion of mutation]
  5692 | Ossuary  | Lost mutation: Your movements are slightly less encumbered
                  | by armour. (ER -2) [potion of mutation]
  5692 | Ossuary  | Gained mutation: You are dopey. (Int -2) [potion of
                  | mutation]
  5692 | Ossuary  | Gained mutation: Your spells are a little harder to cast,
                  | but a little more powerful. [potion of mutation]
  5693 | Ossuary  | Lost mutation: Your spells are a little harder to cast, but
                  | a little more powerful. [potion of mutation]
  5693 | Ossuary  | Lost mutation: You are dopey. (Int -2) [potion of mutation]
  5693 | Ossuary  | Gained mutation: You sometimes lose your temper in combat.
                  | [potion of mutation]
  5693 | Ossuary  | Gained mutation: You are partially covered in iridescent
                  | scales. (AC +2) [potion of mutation]
  5694 | Ossuary  | Lost mutation: You are partially covered in iridescent
                  | scales. (AC +2) [potion of mutation]
  5694 | Ossuary  | Lost mutation: You sometimes lose your temper in combat.
                  | [potion of mutation]
  5694 | Ossuary  | Gained mutation: You are partially covered in iridescent
                  | scales. (AC +2) [potion of mutation]
  5694 | Ossuary  | Gained mutation: You sometimes lose your temper in combat.
                  | [potion of mutation]
  5694 | Ossuary  | Gained mutation: You are frail. (-10% HP) [potion of
                  | mutation]
  6010 | D:6      | Reached skill level 9 in Axes
  6269 | D:7      | Found Zakhlo's Assorted Antiques.
  6285 | D:7      | Reached XP level 9. HP: 76/76 MP: 8/8
  6286 | D:7      | Reached skill level 3 in Throwing
  6303 | D:7      | Reached skill level 10 in Fighting
  6451 | D:7      | Reached skill level 10 in Axes
  6548 | D:7      | Reached skill level 4 in Throwing
  6553 | D:7      | Reached skill level 11 in Fighting
  6563 | D:7      | Reached skill level 11 in Axes
  7072 | D:7      | You pick up a book of Party Tricks and begin reading...
  7072 | D:7      | You add the spells Apportation and Alistair's Intoxication
                  | to your library.
  7228 | D:7      | You pick up a book of Unlife and begin reading...
  7228 | D:7      | You add the spells Animate Dead, Borgnjor's Vile Clutch and
                  | Death Channel to your library.
  7552 | D:8      | Reached XP level 10. HP: 72/86 MP: 9/9
  7784 | D:8      | Noticed Maurice
  7816 | D:8      | Killed Maurice
  7963 | D:8      | Reached skill level 5 in Throwing
  8172 | D:8      | Reached skill level 12 in Fighting
  8457 | D:9      | Identified the ring "Pitivuc" {Contam rCorr Int+4 Dex+3}
  8540 | D:9      | Reached skill level 12 in Axes
  8575 | D:9      | You pick up a book of Transfigurations {@e2} and begin
                  | reading...
  8575 | D:9      | You add the spells Irradiate, Blade Hands and Dragon Form
                  | to your library.
  8596 | D:9      | Found Devvuff's Demolitions Depot.
  8883 | D:10     | Entered Level 10 of the Dungeon
  8895 | D:10     | Noticed a soul eater
  8915 | D:10     | Reached skill level 1 in Maces & Flails
  8928 | D:10     | Reached skill level 2 in Maces & Flails
  9077 | D:10     | Reached skill level 13 in Fighting
  9079 | D:10     | Reached skill level 6 in Throwing
  9084 | D:10     | Reached XP level 11. HP: 43/96 MP: 10/10
  9377 | D:10     | Found a basalt altar of Yredelemnul.
  9543 | Temple   | Entered the Ecumenical Temple
  9625 | Temple   | Became a worshipper of Warmaster Okawaru
  9829 | D:10     | Reached skill level 3 in Maces & Flails
  9835 | D:10     | Reached skill level 13 in Axes
  9936 | D:10     | Identified the +3 ring mail "Quenaxt" {Harm *Corrode rPois
                  | Int+6}
  9952 | D:10     | Reached * piety under Okawaru
 10061 | D:10     | Found a staircase to the Lair.
 10188 | D:10     | Found an opulent altar of Gozag.
 10386 | D:11     | Reached skill level 4 in Maces & Flails
 10393 | D:11     | Found a transporter.
 10406 | D:11     | Found a transporter.
 10490 | D:11     | Noticed a green ugly thing
 10499 | D:11     | Killed a green ugly thing
 10499 | D:11     | Reached ** piety under Okawaru
 10547 | D:11     | Noticed a centaur warrior
 10547 | D:11     | Noticed a skeletal warrior
 10549 | D:11     | HP: 24/97 [something (11)]
 10555 | D:11     | HP: 23/97 [something (4)]
 10556 | D:11     | Noticed a skeletal warrior
 10556 | D:11     | Noticed a skeletal warrior
 10556 | D:11     | Noticed a skeletal warrior
 10556 | D:11     | Noticed a skeletal warrior
 10556 | D:11     | Noticed a skeletal warrior
 10560 | D:11     | HP: 18/97 [skeletal warrior/+0 scimitar (14)]
 10564 | D:11     | Found a transporter.
 10567 | D:11     | Found a transporter.
 10571 | D:11     | Found a transporter.
 10593 | D:11     | HP: 23/97 [killer bee (5)]
 10599 | D:11     | Reached skill level 14 in Fighting
 10670 | D:10     | HP: 17/99 [troll (8)]
 10670 | D:10     | Mangled by a skeletal warrior

Vanquished Creatures
  An ugly thing (D:11)
  A manticore (D:11)
  Maurice (D:8)
  An unseen horror (D:8)
  4 kobold demonologists
  A komodo dragon (D:10)
  An efreet (D:11)
  3 unseen horror zombies (D:7)
  A troll (D:11)
  Sigmund (D:2)
  9 yaks
  2 vampires (D:10)
  A wraith (D:11)
  3 wyverns
  2 basilisks (D:10)
  2 steam dragons
  A water moccasin (D:9)
  An acid dragon (D:10)
  A black bear (D:6)
  2 ice beasts
  5 orc warriors
  A hornet zombie (D:7)
  A sky beast (D:8)
  3 centaurs
  A phantom (D:5)
  Blork the orc (D:4)
  2 kobold brigands
  3 bullfrogs
  A gnoll sergeant (D:9)
  5 scorpions
  A necrophage (D:8)
  A wyvern zombie (D:7)
  10 wights (D:7)
  5 killer bees
  2 jellies (D:5)
  3 bullfrog zombies (D:7)
  2 human zombies (Ossuary)
  2 hounds
  4 centaur zombies
  3 orc priests
  2 gnoll boudas
  Jessica (D:3)
  10 orc wizards
  5 iguanas
  2 killer bee zombies (D:7)
  2 mummies (Ossuary)
  A howler monkey zombie (D:7)
  8 adders
  12 gnolls
  A shadow imp (D:5)
  3 ufetubi
  A worm (D:2)
  3 dart slugs
  38 orcs
  8 ball pythons
  10 endoplasms
  7 giant cockroaches
  A gnoll zombie (Ossuary)
  13 goblins
  6 hobgoblins
  13 jackals
  19 kobolds
  3 quokkas
  3 bats
  5 frilled lizards (D:2)
  2 hobgoblin zombies (Ossuary)
  An orc zombie (Ossuary)
  5 rats
280 creatures vanquished.

Vanquished Creatures (others)
  A vampire mosquito (D:11)
  8 plants (D:11)
  A withered plant (D:7)
10 creatures vanquished.

Grand Total: 290 creatures vanquished

Table legend:
 A = Non-vault XP
 B = Vault XP
 C = Vault XP percentage of total XP
 D = Non-vault monster count
 E = Vault monster count
 F = Vault count percentage of total count
                 A         B        C        D         E       F
            +---------+---------+-------+---------+---------+-------
      Total |    9954 |    6172 |  38.3 |     230 |      50 |  17.9
            +---------+---------+-------+---------+---------+-------
        D:1 |      46 |       0 |   0.0 |      24 |       0 |   0.0
        D:2 |      50 |     227 |  81.9 |      21 |       4 |  16.0
        D:3 |      36 |      37 |  50.7 |      12 |       1 |   7.7
        D:4 |     176 |     104 |  37.1 |      30 |       3 |   9.1
        D:5 |    1088 |       0 |   0.0 |      25 |       0 |   0.0
        D:6 |     805 |       0 |   0.0 |      28 |       0 |   0.0
        D:7 |     621 |    2034 |  76.6 |      13 |      20 |  60.6
        D:8 |    1320 |     433 |  24.7 |      13 |       1 |   7.1
        D:9 |    1192 |       0 |   0.0 |      36 |       0 |   0.0
       D:10 |    3592 |    1315 |  26.8 |      22 |       6 |  21.4
       D:11 |    1028 |    1810 |  63.8 |       6 |       5 |  45.5
    Ossuary |       0 |     212 | 100.0 |       0 |      10 | 100.0
            +---------+---------+-------+---------+---------+-------

Illustrated notes

Table legend:
 A = Kills in this place as a percentage of kills in entire the game.
 B = Kills by you in this place as a percentage of kills by you in the entire game.
 C = Kills by friends in this place as a percentage of kills by friends in the entire game.
 D = Other kills in this place as a percentage of other kills in the entire game.
 E = Experience gained in this place as a percentage of experience gained in the entire game.
 F = Experience gained in this place divided by the number of levels of this place that you have seen.
                   A       B       C       D       E      F
               +-------+-------+-------+-------+-------+----------------------
         Total | 100.0 | 100.0 |   N/A |   N/A | 100.0 | 1240.5
       Dungeon |  96.4 |  96.4 |   N/A |   N/A |  98.7 | 1446.7
       Ossuary |   3.6 |   3.6 |   N/A |   N/A |   1.3 | 212.0
               +-------+-------+-------+-------+-------+----------------------

Table legend: (Time is in decaauts)
 A = Elapsed time spent in this place.
 B = Non-inter-level travel time spent in this place.
 C = Inter-level travel time spent in this place.
 D = Time resting spent in this place.
 E = Time spent auto-exploring this place.
 F = Levels seen in this place.
 G = Mean time per level.
                   A        B        C        D        E       F      G
               +--------+--------+--------+--------+--------+-----+--------+
         Total |  10835 |  10251 |    584 |    389 |   7993 |  13 |  833.5 |
       Dungeon |  10416 |   9886 |    530 |    359 |   7761 |  11 |  946.9 |
        Temple |    136 |     82 |     54 |      0 |     69 |   1 |  136.0 |
       Ossuary |    283 |    283 |      0 |     30 |    163 |   1 |  283.0 |
               +--------+--------+--------+--------+--------+-----+--------+

Top non-repeatable levels by time:
     D:5: 1762 daAuts
     D:7: 1355 daAuts
    D:10: 1132 daAuts
     D:4: 1095 daAuts
     D:1: 961 daAuts
     D:3: 937 daAuts
     D:8: 865 daAuts
     D:2: 743 daAuts
     D:6: 724 daAuts
     D:9: 573 daAuts
 Ossuary: 283 daAuts
    D:11: 264 daAuts
  Temple: 136 daAuts
